 Dungeon Crawl Stone Soup version 0.27.1-4-g1640c2035a (webtiles) character file.

Game seed: 6154513591550036826

53 Descartes the Ducker (level 3, 0/34 HPs)
             Began as a Deep Elf Wanderer on Nov 17, 2021.
             Succumbed to Terence's poison
             ... on level 1 of the Dungeon.
             The game lasted 00:07:46 (2478 turns).

Descartes the Ducker (Deep Elf Wanderer)            Turns: 2478, Time: 00:07:47

Health: 0/34       AC: 21    Str: 10    XL:     3   Next: 62%
Magic:  5/5        EV:  2    Int: 15    God:
Gold:   68         SH:  0    Dex: 15    Spells: 2/2 levels left

rFire    . . .     SeeInvis .   a - +2 falchion
rCold    + . .     Faith    .   (no shield)
rNeg     + + +     Spirit   .   (armour currently unavailable)
rPois    +         Reflect  .   (helmet currently unavailable)
rElec    .         Harm     .   (cloak currently unavailable)
rCorr    .         Rampage  .   (gloves currently unavailable)
Will     +....     NoTele   +   (boots currently unavailable)
Stlth    +.........             (no amulet)
HPRegen  0.11/turn              e - ring of willpower
MPRegen  0.09/turn              h - ring of protection from cold

@: lethally poisoned (0 -> -14), tree-form, hasted, very quick
A: stationary, stasis, torment immunity, boosted hp
a: no special abilities


You were on level 1 of the Dungeon.
You were a tree.
You visited 1 branch of the dungeon, and saw 2 of its levels.

You collected 68 gold pieces.

Inventory:

Hand Weapons
 a - a +2 falchion (weapon)
Armour
 c - a +0 robe (melded)
Jewellery
 e - a ring of willpower (left branch)
 h - a ring of protection from cold (right branch)
Scrolls
 d - 2 scrolls of identify {unknown}
 g - a scroll of teleportation {unknown}


   Skills:
 - Level 3.2 Fighting
 - Level 1.0 Long Blades
 - Level 1.0 Throwing
 + Level 4.0 Dodging
 + Level 0.0 Spellcasting
 + Level 0.0 Conjurations
 - Level 2.1 Ice Magic
 - Level 1.1 Earth Magic
 + Level 0.0 Poison Magic
 - Level 1.1 Evocations


You had 2 spell levels left.
You didn't know any spells.
Your spell library contained the following spells:

 Spells                   Type           Power      Damage    Failure   Level
 Ignite Poison            Fire/Tmut/Pois 0%         N/A       63%         3
 Mephitic Cloud           Conj/Pois/Air  0%         N/A       63%         3
 Bolt of Magma            Conj/Fire/Erth 0%         4d4       100%        5


Dungeon Overview and Level Annotations

Branches:
Dungeon (2/15)

Altars:

Annotations:
D:1 Terence


Message History

HP restored.
A bat is nearby!
The bat hits you. The bat hits you.
Terence shouts!
The bat hits you but does no damage. The bat completely misses you.
The bat closely misses you. The bat hits you.
There is a stone staircase leading up here.
The bat completely misses you.
You riposte.
You miss the bat. The bat barely misses you.
You riposte.
You hit the bat.
The bat is moderately wounded.
The bat hits you but does no damage.
Terence hits you with a +6 short sword of venom!
You are lethally poisoned!
You climb upwards.
You feel very sick.
There is a stone staircase leading down here.
You are too injured to fight recklessly!
Really quaff the potion of lignification?
You turn into a tree.
Your +0 robe melds into your body.
Your roots penetrate the ground.
* * * LOW HITPOINT WARNING * * *
You feel very sick.
Terence hits you with a +6 short sword of venom.
* * * LOW HITPOINT WARNING * * *
It was a potion of haste.
You feel yourself speed up.
* * * LOW HITPOINT WARNING * * *
You feel sick. Terence hits you but does no damage.
You are more poisoned.
You are too injured to fight recklessly!
You hit Terence.
Terence is lightly wounded.
* * * LOW HITPOINT WARNING * * *
You feel very sick. Terence hits you but does no damage.
You hit Terence but do no damage.
Terence is lightly wounded.
You die...

#.# #........[............# #.#
#.###################.# #.#
#.>)......# #..^...#.#
#.###..######.####.####.#.#
####.#..............#.# #.#.#
...........#####.##.#.# #.#.#
####.###...##.....#.#.# #.#.#
.....# #)..##.##..#.#.# #.#.#
.....# #...##.#.♣.#.#.# #.#.#
.....# #...##.#..@#.#.####.#.#
.....# #...##.#............#.#
.....# #...##.......#......#.#
.....###...####.##########.#.#
...........................).#
.....####)#####.##########.#####
...)### #.........# #.....#
......# #.........# #######


You could see Terence.

Vanquished Creatures
  2 adders
  5 ball pythons
  2 endoplasms (D:1)
  A giant cockroach (D:2)
  5 goblins
  4 jackals
  6 kobolds
  2 bats
  6 frilled lizards
  A rat (D:1)
34 creatures vanquished.

Notes
Turn   | Place    | Note
-------+----------+-------------------------------------------
     0 | D:1      | Descartes the Deep Elf Wanderer began the quest for the
                  | Orb.
     0 | D:1      | Descartes set off with the following items: a +2 falchion,
                  | 2 potions of lignification, a +0 robe
     0 | D:1      | Reached XP level 1. HP: 14/14 MP: 3/3
    33 | D:1      | Reached skill level 1 in Dodging
   400 | D:1      | Reached skill level 2 in Dodging
   405 | D:1      | Reached XP level 2. HP: 16/19 MP: 4/4
  1277 | D:2      | Reached skill level 3 in Dodging
  1292 | D:2      | Reached XP level 3. HP: 10/23 MP: 5/5
  1681 | D:2      | Noticed Terence
  1729 | D:1      | HP: 1/34 [adder (2)]
  2183 | D:2      | Reached skill level 4 in Dodging
  2258 | D:2      | Found a faded altar of an unknown god.
  2478 | D:1      | Succumbed to Terence's poison

Illustrated notes

Levels and vault maps discovered:
D:1:      lemuel_arrival_tunnels, layout_basic
D:2:      layout_rooms, ebering_ecumenical_altar_mist, serial_bayou_pond_b,
          uniq_terence

Skill      XL: |  1  2  3 |
---------------+----------+-----
Dodging        | 2 3 4 |  4.0
Fighting       | |  3.2
Long Blades    | |  1.0
Throwing       | |  1.0
Ice Magic      | |  2.1
Earth Magic    | |  1.1
Evocations     | |  1.1

Action                   || total
-------------------------++-------
Melee: Falchion          ||    94
  Use: Potion            ||     3
 Stab: Sleeping          ||     2
Armor: Robe              ||    25
       Skin              ||     9
Dodge: Dodged            ||    75
       Rpst.: Falchion   ||    19
